 Dungeon Crawl Stone Soup version 0.30-a0-637-gacddeb6d44 (webtiles) character file.

Game seed: 11957458286834539926

137 Leeroy the Slasher (level 5, -4/30 HPs)
             Began as a Tengu Warper on Jan 15, 2023.
             Killed from afar by a steam dragon (20 damage)
             ... with a ball of steam
             ... on level 4 of the Dungeon.
             The game lasted 00:04:40 (2626 turns).

Leeroy the Slasher (Tengu Warper)                   Turns: 2626, Time: 00:04:41

Health: -4/30      AC:  4    Str: 11    XL:     5   Next: 20%
Magic:  9/9        EV: 14    Int: 13    God:
Gold:   47         SH:  0    Dex: 16    Spells: 3/8 levels left

rFire   . . .      SeeInvis .    x - +0 whip (distort)
rCold   . . .      Faith    .    (no shield)
rNeg    . . .      Spirit   .    b - +0 leather armour
rPois   .          Reflect  .    (helmet restricted)
rElec   .          Harm     .    (no cloak)
rCorr   .          Rampage  .    g - +0 pair of gloves
Will    .....                    (boots unavailable)
Stlth   +                        (no amulet)
HPRegen 0.25/turn                (no ring)
MPRegen 0.11/turn                (no ring)

@: flying quickly and evasively, quick
A: beak, talons 3, nimble flight
a: no special abilities


You were on level 4 of the Dungeon.
You visited 1 branch of the dungeon, and saw 4 of its levels.

You collected 127 gold pieces.
You spent 80 gold pieces at shops.

Inventory:

Hand Weapons
 a - a +0 falchion
 o - a +0 long sword
 x - a +0 whip of distortion (weapon)
Missiles
 d - 7 boomerangs of dispersal (quivered)
 w - 2 poisoned darts
Armour
 b - a +0 leather armour (worn)
 g - a +0 pair of gloves (worn)
 t - a +0 buckler
Wands
 q - a wand of roots (4)
Scrolls
 c - a scroll of blinking
 e - 2 scrolls of amnesia {unknown}
 j - a scroll of identify {unknown}
 n - a scroll of acquirement {unknown}
 p - a scroll of enchant armour {unknown}
 r - a scroll of fear {unknown}
 s - a scroll of immolation {unknown}
 u - a scroll of teleportation {unknown}
Potions
 f - 2 potions of resistance {unknown}
 h - a potion of brilliance {unknown}
 i - a potion of degeneration {unknown}
 k - 2 potions of flight {unknown}
 l - a potion of ambrosia {unknown}
 m - a potion of heal wounds {unknown}
 v - a potion of mutation {unknown}


   Skills:
 - Level 2.0 Fighting
 + Level 5.7 Long Blades
 - Level 1.0 Throwing
 - Level 1.1 Armour
 - Level 2.1 Dodging
 - Level 2.0 Spellcasting
 - Level 2.4 Translocations


You had 3 spell levels left.
You knew the following spells:

 Your Spells              Type           Power      Damage    Failure   Level
a - Blink                 Tloc           14%        N/A       19%         2
b - Vhi's Electric Charg  Tloc/Air       8%         N/A       52%         3

Your spell library contained the following spells:

 Spells                   Type           Power      Damage    Failure   Level
 Kiss of Death            Conj/Necr      4%         2d5       32%         1
 Lesser Beckoning         Tloc           14%        N/A       36%         3
 Teleport Other           Tloc           7%         N/A       36%         3
 Confusing Touch          Hex            1%         N/A       69%         3
 Manifold Assault         Tloc           7%         N/A       77%         4
 Dispel Undead            Necr           1%         3d6       97%         4


Dungeon Overview and Level Annotations

Branches:
Dungeon (4/15)
 Temple: D:4-7

Altars:

Shops:
D:2 (


Innate Abilities, Weirdness & Mutations

You have a beak for a mouth.
You have claws for feet.
Your magical nature lets you fly swiftly and evasively.


Message History

Found an escape hatch in the ceiling.
A dart slug is nearby!
A kobold comes into view. It is wielding a +0 whip of distortion.
The kobold shouts!
You miss the kobold. Your kick misses the kobold.
The kobold closely misses you.
You hit the kobold. Your kick misses the kobold.
The kobold is severely wounded.
The kobold barely misses you.
You closely miss the kobold.
The kobold is severely wounded.
The kobold misses you.
You barely miss the kobold. Your kick misses the kobold.
The kobold is severely wounded.
The kobold barely misses you. The kobold misses you.
You barely miss the kobold.
The kobold is severely wounded.
The kobold hits you with a +0 whip of distortion.
Space warps around you.
You hit the kobold.
You kill the kobold!
Things that are here:
a +0 whip of distortion; a stone
x - a +0 whip of distortion HP restored.
Found a stone staircase leading down.
Really wield
x - a +0 whip of distortion?
Space warps around you for a moment!
x - a +0 whip of distortion (weapon)
There is a stone staircase leading down here.
A steam dragon comes into view.
The steam dragon hisses angrily.
The steam dragon breathes steam at you. The ball of steam hits you!
You hear an angry hiss.
You are engulfed in a cloud of scalding steam.
The steam dragon breathes steam at you. The ball of steam hits you!!
Ouch! That really hurt!
You die...

.## ..# #.# #.# #.#
..#.#####§####
......D@§§.§.######
#.#.#####§§§......#
#.......##.####.#
#######.##.# #.##.#
#.##.########
#.##......... #
#.##>########
..#.#########.##.#


You could see a steam dragon (catching breath).

Vanquished Creatures
  5 gnolls
  4 adders (D:2)
  A worm (D:2)
  A dart slug (D:3)
  7 ball pythons
  4 endoplasms
  A giant cockroach (D:1)
  2 goblins (D:1)
  3 hobgoblins
  3 quokkas
  4 bats
  8 frilled lizards
  5 kobolds
  4 rats
52 creatures vanquished.

Notes
Turn   | Place    | Note
-------+----------+-------------------------------------------
     0 | D:1      | Leeroy the Tengu Warper began the quest for the Orb.
     0 | D:1      | Reached XP level 1. HP: 12/12 MP: 4/4
   234 | D:1      | Reached XP level 2. HP: 17/17 MP: 6/6
   261 | D:1      | Reached skill level 3 in Long Blades
   264 | D:1      | Learned a level 2 spell: Blink
   545 | D:1      | Reached XP level 3. HP: 20/21 MP: 7/7
   946 | D:2      | Found Guschiul's Antique Weapon Shoppe.
   951 | D:2      | Reached skill level 4 in Long Blades
   990 | D:2      | Bought a long sword for 80 gold pieces
  1375 | D:2      | Reached XP level 4. HP: 26/26 MP: 8/8
  1609 | D:2      | Learned a level 3 spell: Vhi's Electric Charge
  1922 | D:2      | Reached skill level 5 in Long Blades
  2208 | D:3      | Found a faded altar of an unknown god.
  2279 | D:3      | Gained mutation: Your magical nature lets you fly swiftly
                  | and evasively. [Tengu growth]
  2279 | D:3      | Reached XP level 5. HP: 12/30 MP: 9/9
  2621 | D:4      | Noticed a steam dragon
  2626 | D:4      | Killed from afar by a steam dragon

Illustrated notes

Levels and vault maps discovered:
D:1:      evilmike_arrival_rings, layout_basic,
          nicolae_concentric_dashed_squares_wild, kennysheep_flooded_box,
          st_stairs_9
D:2:      layout_loops_ring, serial_shops, nicolae_shop_stone,
          minmay_stone_trees_medium, minmay_pentomino_s2
D:3:      layout_rooms, shapermc_ecumenical_altar_ellora
D:4:      layout_loops_ring, minmay_statues_item, minmay_small_thing

Skill      XL: |  1  2  3  4 |
---------------+-------------+-----
Long Blades    | 3 4 5 |  5.7
Fighting       | |  2.0
Throwing       | |  1.0
Armour         | |  1.1
Dodging        | |  2.1
Spellcasting   | |  2.0
Translocations | |  2.4

Action                   |  1- 3 |  4- 6 || total
-------------------------+-------+-------++-------
Melee: Falchion          |    52 |       ||    52
       Kick              |    12 |    17 ||    29
       Peck              |    11 |     5 ||    16
       Long sword        |    18 |    65 ||    83
       Punch             |     1 |       ||     1
Armor: Leather armour    |    25 |    14 ||    39
Dodge: Dodged            |    46 |    54 ||   100

Table legend: (Time is in decaauts)
 A = Elapsed time spent in this place.
 B = Non-inter-level travel time spent in this place.
 C = Inter-level travel time spent in this place.
 D = Time resting spent in this place.
 E = Time spent auto-exploring this place.
 F = Levels seen in this place.
 G = Mean time per level.
                   A        B        C        D        E       F      G
               +--------+--------+--------+--------+--------+-----+--------+
         Total |   2623 |   2555 |     68 |    218 |   1716 |   4 |  655.8 |
       Dungeon |   2623 |   2555 |     68 |    218 |   1716 |   4 |  655.8 |
               +--------+--------+--------+--------+--------+-----+--------+

Top non-repeatable levels by time:
     D:2: 1137 daAuts
     D:1: 842 daAuts
     D:3: 590 daAuts
     D:4: 53 daAuts
